 Dungeon Crawl Stone Soup version 0.30.1 (webtiles) character file.

Game seed: 9032928180325242109

96506 safid the Gelid (level 16, -8/151 HPs)
             Began as a Merfolk Ice Elementalist on July 3, 2023.
             Was a High Priest of Vehumet.
             Constricted to death by Jorgrun (11 damage)
             ... on level 13 of the Dungeon on July 5, 2023.
             The game lasted 01:25:59 (22457 turns).

safid the Gelid (Merfolk Ice Elementalist)         Turns: 22457, Time: 01:26:00

Health: -8/151     AC: 14    Str:  8      XL:     16   Next: 17%
Magic:  28/32      EV:  9    Int: 19 (20) God:    Vehumet [*****.]
Gold:   791        SH:  0    Dex: 15      Spells: 16/39 levels left

rFire   + . .        I - +9 scimitar (freeze)
rCold   + + .        (no shield)
rNeg    + + +        F - +2 robe {rC+ rF+}
rPois   +            q - +2 hat
rElec   +            R - +1 cloak of the Morning Star {rPois rN+++ Regen+ Str-2}
rCorr   .            n - +1 pair of gloves
SInv    .            O - +3 pair of boots "Sischeedd" {rPois}
Will    +....        H - amulet of the Air {Inacc Air Fly rElec RMsl}
Stlth   ++           N - ring of ice
HPRegen 1.25/turn    K - ring of protection from fire
MPRegen 0.23/turn

%: repel missiles
@: grasped by roots, flying, constricted
A: (nimble swimmer 2), mertail, robust 1
a: Renounce Religion


You were on level 13 of the Dungeon.
You worshipped Vehumet.
Vehumet was extremely pleased with you.
You visited 3 branches of the dungeon, and saw 19 of its levels.
You also visited: Sewer, Bailey, Gauntlet and Volcano.

You collected 1474 gold pieces.
You spent 683 gold pieces at shops.

Inventory:

Hand Weapons
 I - a +9 scimitar of freezing (weapon)
Missiles
 f - 6 throwing nets
 y - 2 curare-tipped darts
Armour
 n - a +1 pair of gloves (worn)
 q - a +2 hat (worn)
 F - a +2 robe of resistance (worn)
 O - the +3 pair of boots "Sischeedd" (worn) {rPois}
   (You acquired it on level 5 of the Lair of Beasts)

   rPois:     It protects you from poison.
 R - the +1 cloak of the Morning Star (worn) {rPois rN+++ Regen+ Str-2}
   (You found it in a Gauntlet)

   Str:       It affects your strength (-2).
   rPois:     It protects you from poison.
   rN:        It renders you almost immune to negative energy.
   Regen:     It increases your rate of health regeneration.
Jewellery
 H - the amulet of the Air (around neck) {Inacc Air Fly rElec RMsl}
   (You took it off a minotaur in a Gauntlet)

   [amulet of nothing]

   Inacc:     It reduces the accuracy of your attacks and spells.
   Air:       It enhances your air magic.
   rElec:     It insulates you from electricity.
   Fly:       It grants you flight.
   RMsl:      It protects you from missiles.
 K - a ring of protection from fire (right hand)
 N - a ring of ice (left hand)
 P - a ring of resist corrosion
Wands
 a - a wand of polymorph (12)
 i - a wand of iceblast (24)
 z - a wand of flame (13)
 D - a wand of mindburst (3)
 E - a wand of acid (10)
 J - a wand of charming (8)
Scrolls
 e - 8 scrolls of teleportation
 h - 3 scrolls of fear (quivered)
 j - 4 scrolls of enchant weapon
 l - 3 scrolls of amnesia
 o - 4 scrolls of fog
 w - 2 scrolls of identify
 B - a scroll of silence
 C - 4 scrolls of magic mapping
Potions
 b - 2 potions of magic
 c - 2 potions of haste
 g - 10 potions of curing
 k - 5 potions of flight
 m - 3 potions of mutation
 p - a potion of might
 r - a potion of berserk rage
 v - 3 potions of brilliance
 x - 3 potions of ambrosia
 A - 4 potions of cancellation
 G - 2 potions of lignification
 L - a potion of resistance
Miscellaneous
 Q - a lightning rod (4/4)
 S - a condenser vane


   Skills:
 - Level 16.0 Fighting
 - Level 2.6 Dodging
 - Level 2.1 Stealth
 - Level 12.0 Spellcasting
 - Level 4.0 Translocations
 + Level 15.2 Transmutations
 + Level 16.9 Ice Magic


You had 16 spell levels left.
You knew the following spells:

 Your Spells              Type           Power      Damage    Failure   Level
a - Ozocubu's Refrigerat  Ice            42%        4d16      1%          7
b - Frozen Ramparts       Ice            100%       1d16      0%          3
c - Ozocubu's Armour      Ice            85%        N/A       1%          3
d - Hailstorm             Conj/Ice       60%        3d13      1%          3
e - Blink                 Tloc           52%        N/A       1%          2
f - Freeze                Ice            100%       1d10      0%          1
g - Ice Form              Ice/Tmut       83%        N/A       1%          4

Your spell library contained the following spells:

 Spells                   Type           Power      Damage    Failure   Level
 Flame Wave               Conj/Fire      11%        2d6       16%         4
 Apportation              Tloc           52%        N/A       1%          1
 Lesser Beckoning         Tloc           52%        N/A       1%          2
 Momentum Strike          Conj/Tloc      38%        3d9       1%          2
 Summon Ice Beast         Ice/Summ       60%        N/A       1%          4
 Gell's Gravitas          Tloc           26%        N/A       3%          3
 Teleport Other           Tloc           26%        N/A       3%          3
 Manifold Assault         Tloc           26%        N/A       12%         4
 Passage of Golubria      Tloc           26%        N/A       12%         4
 Iskenderun's Battlesphe  Conj           11%        2d7       38%         5
 Summon Forest            Summ/Tloc      9%         N/A       58%         5
 Summon Mana Viper        Hex/Summ       11%        N/A       86%         5
 Dispersal                Tloc           13%        N/A       87%         6
 Iron Shot                Conj/Erth      5%         9d2       89%         6
 Summon Cactus Giant      Summ           5%         N/A       100%        6
 Spellforged Servitor     Conj/Summ      5%         N/A       100%        7


Dungeon Overview and Level Annotations

Branches:
Dungeon (13/15)            Temple (1/1) D:5            Lair (5/5) D:9
 Shoals (0/4) Lair:2        Snake (0/4) Lair:2        Slime (0/5) Lair:4
    Orc (0/2) D:10          Sewer (visited)          Bailey (visited)
Volcano (visited)         Gauntlet (visited)
 Vaults: D:13-14

Altars:
Ashenzari
Cheibriados
Dithmenos
Elyvilon
Fedhas
Gozag
Hepliaklqana
Kikubaaqudgha
Nemelex Xobeh
Okawaru
Qazlal
Ru
Sif Muna
Trog
Uskayaw
Vehumet
Wu Jian
Xom
Yredelemnul
Zin
The Shining One
Lugonu

Shops:
D:5 ?   D:6 *   D:8 =   D:10 =   D:12 ?

Portals:
Abyss: Lair:5

Annotations:
D:5 2 runed translucent doors, booth's ghost, novice DrCj
D:7 Joseph
D:10 3 runed translucent doors
D:12 Fannar
D:13 Jorgrun
Lair:1 exclusion: oklob plant
Lair:2 3 runed translucent doors, AgateBread's ghost, journeyman DrFi; AgateBread's ghost, journeyman MiHu; adizb's ghost, journeyman TrGl; turdburglar's ghost, journeyman MiGl


Innate Abilities, Weirdness & Mutations

((You are very nimble when in or above water. (Stealth+, EV+, Speed+++)))
Your lower body shifts to a powerful aquatic tail in water.
You are robust. (+10% HP)


Message History

* * * LOW HITPOINT WARNING * * *
The tengu warrior hits you with a +0 great sword.
* * * LOW HITPOINT WARNING * * *
The tengu warrior pecks you but does no damage.
The tengu warrior claws you but does no damage.
Jorgrun hits you but does no damage. The grasping roots constrict you.
The tengu warrior hits you with a +0 great sword!
* * * LOW HITPOINT WARNING * * *
The tengu warrior pecks you.
* * * LOW HITPOINT WARNING * * *
The tengu warrior claws you but does no damage.
You turn to flesh and can move again.
Unknown command.
Unknown command.
You feel much better.
Jorgrun mutters some incantations to himself.
Jorgrun hits you with a +0 heavy quarterstaff!
* * * LOW HITPOINT WARNING * * *
The grasping roots constrict you!
* * * LOW HITPOINT WARNING * * *
The tengu warrior hits you but does no damage.
The tengu warrior pecks you but does no damage.
The tengu warrior claws you.
* * * LOW HITPOINT WARNING * * *
Read: 4 scrolls of fear
Press: ? - help, Q - select action, (/) - cycle Dir - look around, f - activate Look: a tengu warrior, wielding a +0 great sword and wearing a +0 ring mail (moderately wounded, chance to affect: 90%)
As you read the scroll of fear, it crumbles to dust.
You assume a fearsome visage.
Jorgrun looks frightened!
The tengu warrior looks frightened!
The grasping roots constrict you!
* * * LOW HITPOINT WARNING * * *
The roots grasp on you weakens, but your attempt to escape fails.
Jorgrun gestures at the rock wall while chanting.
Some rock shatters into small pieces.
The grasping roots constrict you.
* * * LOW HITPOINT WARNING * * *
Unknown command.
The roots grasp on you weakens, but your attempt to escape fails.
The grasping roots constrict you!
You die...

###### #....#
#....# ###
#....##.. #.
#..>....
#.#.....# .#
#......# ...
#..@..######...#
##..#..Q.....#
#..#.##.†..##
##.g..†..##.....
#...#g.### #..#
###.....#.# >.
#......#.## .
#.....#.##
##...#.##


You could see Jorgrun (fleeing) and a tengu warrior (fleeing).

Vanquished Creatures
  A minotaur (Gauntlet)
  Snorg (D:12)
  Harold (Lair:2)
  2 ogre magi
  3 hydras
  2 boulder beetles
  11 two-headed ogres
  11 death yaks
  2 thrashing horrors (Lair:5)
  A wretched star (Gauntlet)
  A hell knight (Volcano)
  2 skysharks (Lair:5)
  A fire crab (Lair:5)
  A goliath frog (shapeshifter) (Lair:5)
  A wizard (Gauntlet)
  4 ugly things
  A deep elf pyromancer (D:11)
  A manticore (D:13)
  An oklob plant (Gauntlet)
  A black mamba (shapeshifter) (Lair:5)
  7 elephants
  5 slime creatures (D:12)
  12 cane toads
  A molten gargoyle (Volcano)
  An eye of devastation (Lair:4)
  3 torpor snails
  5 black mambas
  Maggie (Lair:2)
  3 smoke demons (Lair:5)
  A demonic crawler (Lair:4)
  3 gargoyles
  An unseen horror (D:12)
  3 rime drakes
  A kobold demonologist (D:10)
  5 komodo dragons
  2 ancient zymes (Lair:5)
  A tengu conjurer (D:13)
  A polar bear (Lair:5)
  2 trolls
  Grinder (D:5)
  29 blink frogs
  A large abomination (Lair:5)
  2 hornets
  A snapping turtle (Lair:2)
  14 dream sheep (Lair:5)
  3 shadows
  2 spriggans (Lair:5)
  2 wraiths (D:12)
  8 small abominations
  2 fire bats (Volcano)
  A steam dragon (shapeshifter) (Lair:5)
  3 steam dragons
  61 yaks
  2 wyverns
  10 vampire mosquitoes
  6 basilisks
  Menkaure (D:4)
  2 swamp worms (Lair:4)
  16 water moccasins
  6 nagas (Lair:2)
  A floating eye (Lair:4)
  9 acid dragons
  An ice beast (D:5)
  12 orc warriors
  7 wolves
  3 ogres
  3 centaurs
  4 kobold brigands
  A phantom (D:5)
  Blork the orc (D:5)
  10 bullfrogs
  2 scorpions
  4 wights (D:9)
  9 killer bees (D:8)
  3 electric eels (Lair:1)
  3 howler monkeys (D:12)
  4 lava snakes (Volcano)
  6 hounds
  A jelly (D:6)
  5 orc priests
  A gnoll bouda (D:7)
  3 iguanas
  A sleepcap (D:6)
  Natasha (twice) (D:3)
  8 orc wizards
  7 hell rats (Lair:5)
  3 gnolls (D:7)
  6 adders
  A shadow imp (Gauntlet)
  3 white imps
  An ufetubus (D:5)
  2 worms (D:4)
  9 dart slugs
  44 orcs
  7 endoplasms
  8 giant cockroaches
  11 goblins
  9 hobgoblins
  5 jackals
  9 quokkas
  9 ball pythons
  10 bats
  2 frilled lizards (D:2)
  46 kobolds
  8 rats
  A spectral orc (D:9)
585 creatures vanquished.

Vanquished Creatures (others)
  2 blink frogs (Lair:5)
2 creatures vanquished.

Grand Total: 587 creatures vanquished

Notes
Turn   | Place    | Note
-------+----------+-------------------------------------------
     0 | D:1      | safid the Merfolk Ice Elementalist began the quest for the
                  | Orb.
     0 | D:1      | Reached XP level 1. HP: 13/13 MP: 3/3
   210 | D:1      | Reached XP level 2. HP: 16/20 MP: 5/5
   306 | D:1      | Reached skill level 1 in Fighting
   581 | D:1      | Reached XP level 3. HP: 26/26 MP: 6/6
   585 | D:1      | Learned a level 3 spell: Frozen Ramparts
  1098 | D:2      | Reached skill level 5 in Ice Magic
  1122 | D:2      | Reached XP level 4. HP: 32/33 MP: 8/8
  1907 | D:3      | Found a blossoming altar of Fedhas.
  1981 | D:3      | Noticed Natasha
  1989 | D:3      | Killed Natasha
  1990 | D:3      | Reached XP level 5. HP: 13/39 MP: 4/9
  2194 | D:3      | Found a shadowy altar of Dithmenos.
  2688 | D:3      | Noticed Natasha
  2700 | D:3      | Killed Natasha
  2798 | D:3      | Learned a level 3 spell: Ozocubu's Armour
  2931 | D:3      | Found a basalt altar of Yredelemnul.
  3108 | D:4      | Found a glowing drain.
  3136 | Sewer    | Entered a sewer
  3247 | Sewer    | Noticed a kobold brigand
  3249 | Sewer    | Noticed a kobold brigand
  3255 | Sewer    | Reached XP level 6. HP: 47/47 MP: 5/11
  3566 | Sewer    | Reached XP level 7. HP: 25/54 MP: 1/13
  3864 | D:4      | Noticed Menkaure
  3883 | D:4      | Killed Menkaure
  4894 | D:5      | Entered Level 5 of the Dungeon
  5080 | D:5      | Gained mutation: You are vulnerable to heat. (rF-) [potion
                  | of mutation]
  5080 | D:5      | Gained mutation: Your natural rate of healing is unusually
                  | fast. [potion of mutation]
  5156 | D:5      | Reached skill level 5 in Fighting
  5293 | D:5      | Reached XP level 8. HP: 39/62 MP: 4/15
  5401 | D:5      | Noticed Blork the orc
  5563 | D:5      | Reached skill level 5 in Spellcasting
  5684 | D:5      | Killed Blork the orc
  5793 | D:5      | Found Tiannaocw's Magic Scroll Emporium.
  5793 | D:5      | Noticed Grinder
  5795 | D:5      | Paralysed by Grinder for 3 turns
  5807 | D:5      | Paralysed by Grinder for 4 turns
  5813 | D:5      | Paralysed by Grinder for 4 turns
  5826 | D:5      | Paralysed by Grinder for 4 turns
  5833 | D:5      | Paralysed by Grinder for 2 turns
  5878 | D:5      | Paralysed by Grinder for 2 turns
  5889 | D:5      | Paralysed by Grinder for 3 turns
  5919 | D:5      | Paralysed by Grinder for 4 turns
  5926 | D:5      | Killed Grinder
  5996 | D:5      | Identified the +0 robe of Xeexir {Int+3}
  6001 | D:5      | Bought a scroll of noise for 14 gold pieces
  6001 | D:5      | Bought a scroll of teleportation for 42 gold pieces
  6001 | D:5      | Bought a scroll of identify for 28 gold pieces
  6001 | D:5      | Bought a scroll of identify for 28 gold pieces
  6001 | D:5      | Bought a scroll of identify for 28 gold pieces
  6003 | D:5      | Found a large runed translucent door.
  6032 | D:5      | Found a staircase to the Ecumenical Temple.
  6042 | Temple   | Entered the Ecumenical Temple
  6199 | Temple   | Became a worshipper of Vehumet
  6397 | D:5      | Found a large runed translucent door.
  6400 | D:5      | Noticed booth's ghost (novice DrCj)
  6434 | D:5      | Identified a scroll of acquirement
  6437 | D:5      | Acquired the Directory of the Relocated Wendigo
  6443 | D:5      | Learned a level 3 spell: Hailstorm
  6446 | D:5      | Learned a level 2 spell: Blink
  6478 | D:6      | Reached skill level 1 in Translocations
  6812 | D:6      | Found Abobovym's Neck Hole.
  7332 | D:6      | Reached XP level 9. HP: 71/71 MP: 17/17
  7401 | D:6      | Reached * piety under Vehumet
  7401 | D:6      | Offered knowledge of Kiss of Death by Vehumet.
  7438 | D:6      | Found a sacrificial altar of Ru.
  7739 | D:7      | Found a flagged portal.
  7758 | Bailey   | Entered a bailey
  8050 | Bailey   | Offered knowledge of Shock by Vehumet.
  8438 | D:6      | Bought an amulet of regeneration for 390 gold pieces
  8484 | D:7      | Found a shimmering altar of Xom.
  8488 | D:7      | Found a broken altar of Ashenzari.
  8577 | D:7      | Reached ** piety under Vehumet
  8704 | D:7      | Found an ornate altar of the Wu Jian Council.
  8768 | D:7      | Noticed a hornet
  8773 | D:7      | Killed a hornet
  8871 | D:7      | You are sucked into a shaft and drop 3 floors!
  8871 | D:10     | Entered Level 10 of the Dungeon
  8933 | D:9      | Noticed a two-headed ogre
  9056 | D:9      | Reached XP level 10. HP: 80/80 MP: 20/20
  9057 | D:9      | Killed a two-headed ogre
  9104 | D:9      | Reached skill level 10 in Ice Magic
  9303 | D:7      | Noticed Joseph
  9324 | D:7      | Noticed a skeletal warrior
  9376 | D:7      | Found an opulent altar of Gozag.
  9926 | D:8      | Found Attisy's Jewellery Boutique.
 10440 | D:9      | Found the +7 staff of the Meek {protect, meekguard}
 10470 | D:9      | Found a hazy altar of Hepliaklqana.
 10724 | D:9      | Noticed a gargoyle
 10724 | D:9      | Found a staircase to the Lair.
 10823 | D:9      | Reached XP level 11. HP: 90/90 MP: 23/23
 10830 | D:9      | Reached skill level 10 in Fighting
 10832 | D:9      | Offered knowledge of Inner Flame by Vehumet.
 10996 | D:9      | Reached *** piety under Vehumet
 11072 | D:9      | Found a shimmering blue altar of Sif Muna.
 11372 | D:10     | Learned a level 4 spell: Ice Form
 11390 | D:10     | Noticed a two-headed ogre
 11390 | D:10     | Noticed a two-headed ogre
 11390 | D:10     | Noticed a two-headed ogre
 11391 | D:10     | Noticed a two-headed ogre
 11392 | D:10     | Noticed an ogre mage
 11393 | D:10     | Noticed a two-headed ogre
 11399 | D:10     | Killed a two-headed ogre
 11400 | D:10     | Reached skill level 1 in Transmutations
 11403 | D:10     | Killed an ogre mage
 11404 | D:10     | Killed a two-headed ogre
 11405 | D:10     | Killed a two-headed ogre
 11407 | D:10     | Killed a two-headed ogre
 11412 | D:10     | Killed a two-headed ogre
 11535 | D:10     | Reached XP level 12. HP: 46/100 MP: 25/25
 11582 | D:10     | Found Rizismis's Jewellery Shop.
 11589 | D:10     | Offered knowledge of Iskenderun's Mystic Blast by Vehumet.
 11590 | D:10     | Reached skill level 5 in Transmutations
 11594 | D:10     | Found a runed translucent gate.
 11594 | D:10     | Found a runed translucent gate.
 11594 | D:10     | Found a runed translucent gate.
 11804 | D:10     | Found a staircase to the Orcish Mines.
 12137 | Lair:1   | Entered Level 1 of the Lair of Beasts
 12143 | Lair:1   | Noticed a death yak
 12217 | Lair:1   | Killed a death yak
 12218 | Lair:1   | Reached skill level 10 in Spellcasting
 12221 | Lair:1   | Reached **** piety under Vehumet
 12439 | Lair:1   | Offered knowledge of Yara's Violent Unravelling by Vehumet.
 13131 | Lair:2   | Found a dark tunnel.
 13158 | Volcano  | Entered a volcano
 13359 | Volcano  | Found a bloodstained altar of Trog.
 13359 | Volcano  | Noticed a two-headed ogre
 13359 | Volcano  | Noticed a two-headed ogre
 13359 | Volcano  | Noticed an ogre mage
 13359 | Volcano  | Noticed a two-headed ogre
 13365 | Volcano  | Killed a two-headed ogre
 13366 | Volcano  | Killed a two-headed ogre
 13367 | Volcano  | Reached XP level 13. HP: 87/109 MP: 27/27
 13809 | Lair:2   | Noticed Harold
 13819 | Lair:2   | Killed Harold
 13820 | Lair:2   | Reached skill level 10 in Transmutations
 14245 | Lair:2   | Noticed Maggie
 14254 | Lair:2   | Killed Maggie
 14341 | Lair:2   | Found a staircase to the Snake Pit.
 14536 | Lair:2   | Reached ***** piety under Vehumet
 14543 | Lair:2   | Offered knowledge of Starburst by Vehumet.
 14569 | Lair:2   | Found a runed translucent gate.
 14570 | Lair:2   | Found a runed translucent gate.
 14572 | Lair:2   | Found a runed translucent gate.
 14573 | Lair:2   | Noticed turdburglar's ghost (journeyman MiGl)
 14573 | Lair:2   | Noticed adizb's ghost (journeyman TrGl)
 14573 | Lair:2   | Noticed AgateBread's ghost (journeyman MiHu)
 14577 | Lair:2   | Found a staircase to the Shoals.
 14577 | Lair:2   | Noticed AgateBread's ghost (journeyman DrFi)
 15299 | Lair:3   | Reached skill level 15 in Ice Magic
 15299 | Lair:3   | Reached XP level 14. HP: 121/121 MP: 28/28
 15826 | Lair:4   | Reached XP level 15. HP: 101/127 MP: 29/29
 15914 | Lair:4   | Found a staircase to the Slime Pits.
 16701 | Lair:5   | Entered Level 5 of the Lair of Beasts
 16831 | Lair:5   | Reached skill level 15 in Fighting
 17204 | Lair:5   | Acquired the +3 pair of boots "Sischeedd" {rPois}
 18375 | Lair:5   | Offered knowledge of Flame Wave by Vehumet.
 19321 | Lair:5   | Found a corrupted altar of Lugonu.
 19321 | Lair:5   | Found a one-way gate to the infinite horrors of the Abyss.
 20250 | D:12     | Found a gate leading to a gauntlet.
 20291 | Gauntlet | Entered a Gauntlet
 20291 | Gauntlet | Found a transporter.
 20291 | Gauntlet | Found a transporter.
 20309 | Gauntlet | Found a transporter.
 20327 | Gauntlet | Found a transporter.
 20327 | Gauntlet | Found a transporter.
 20327 | Gauntlet | Found a transporter.
 20329 | Gauntlet | Found a transporter.
 20329 | Gauntlet | Found a transporter.
 20345 | Gauntlet | Found a transporter.
 20350 | Gauntlet | Found a runed translucent door.
 20357 | Gauntlet | Found a transporter.
 20367 | Gauntlet | Found a transporter.
 20382 | Gauntlet | Found a transporter.
 20402 | Gauntlet | Found a transporter.
 20405 | Gauntlet | Found a runed translucent gate.
 20405 | Gauntlet | Found a runed translucent gate.
 20405 | Gauntlet | Found a runed translucent gate.
 20414 | Gauntlet | Found a transporter.
 20731 | Gauntlet | Identified the +1 cloak of the Morning Star {rPois rN+++
                  | Regen+ Str-2}
 20862 | Gauntlet | Identified the ring of Orthodoxy {rPois Str-2 Int+4}
 20864 | Gauntlet | Lost mutation: Your natural rate of healing is unusually
                  | fast. [potion of mutation]
 20864 | Gauntlet | Lost mutation: You are extremely vulnerable to heat.
                  | (rF---) [potion of mutation]
 20864 | Gauntlet | Gained mutation: You have hidden genetic potential. [potion
                  | of mutation]
 20865 | Gauntlet | Lost mutation: You have hidden genetic potential. [potion
                  | of mutation]
 20866 | Gauntlet | Gained mutation: You are partially covered in iridescent
                  | scales. (AC +2) [potion of mutation]
 20867 | Gauntlet | Lost mutation: You are partially covered in iridescent
                  | scales. (AC +2) [potion of mutation]
 20867 | Gauntlet | Gained mutation: You are dopey. (Int -2) [potion of
                  | mutation]
 20868 | Gauntlet | Lost mutation: You are dopey. (Int -2) [potion of mutation]
 20869 | Gauntlet | Gained mutation: Your system is resistant to poisons.
                  | (rPois) [potion of mutation]
 20870 | Gauntlet | Lost mutation: Your system is resistant to poisons. (rPois)
                  | [potion of mutation]
 20871 | Gauntlet | Gained mutation: You are agile. (Dex +4, Str/Int -1)
                  | [potion of mutation]
 20871 | Gauntlet | Lost mutation: You are agile. (Dex +4, Str/Int -1) [potion
                  | of mutation]
 20871 | Gauntlet | Gained mutation: You are robust. (+10% HP) [potion of
                  | mutation]
 20882 | Gauntlet | Identified the +8 ring mail of Xiddodghis {*Slow rPois rN+}
 20900 | Gauntlet | Reached XP level 16. HP: 51/138 MP: 21/25
 21231 | D:12     | Noticed Fannar
 21450 | D:12     | Found Fapomn's Magic Scroll Emporium.
 21555 | D:12     | Bought a scroll of teleportation for 51 gold pieces
 21555 | D:12     | Bought 2 scrolls of teleportation for 102 gold pieces
 21641 | D:12     | Learned a level 7 spell: Ozocubu's Refrigeration
 21862 | D:12     | Reached skill level 15 in Transmutations
 21868 | D:12     | Noticed Snorg
 21881 | D:12     | Killed Snorg
 22416 | D:13     | Noticed Jorgrun
 22455 | D:13     | HP: 4/151 [constriction (9)]
 22457 | D:13     | Constricted to death by Jorgrun

Illustrated notes

Levels and vault maps discovered:
D:1:      lightli_arrival_maybe_door_vault, layout_loops_ring
D:2:      layout_loops_ring
D:3:      layout_basic, mainiacjoe_overflow_concentric_impassable,
          old_standard_altar, mainiacjoe_overflow_alcove_1, uniq_natasha
D:4:      minmay_chambers_of_fours, layout_gridville, portal_sewer_entry_b,
          uniq_menkaure
D:5:      layout_basic, minmay_temple_entry_arrows, ebering_ghost_disaster_area,
          serial_shops, shop, uniq_blork_the_orc, uniq_grinder
D:6:      layout_loops_corners, nicolae_ru_path_of_blood,
          nicolae_shop_sticking_my_neck_out
D:7:      lemuel_ice_statue, layout_basic, lemuel_coloured_pillars_altar,
          lemuel_doored_altar, grunt_gozag_statues,
          mainiacjoe_overflow_large_starburst, enter_bailey_5,
          minmay_guarded_unrand_finisher, uniq_joseph
D:8:      layout_loops_cross, serial_shops, shop
D:9:      layout_basic, nicolae_hepliaklqana_monster_ancestors,
          overflow_temple_1_default, david_lair_shrubbed
D:10:     layout_roguey, orc_0_dummy,
          ploomutoo_gammafunk_ghost_potion_laboratory,
          minmay_shop_enchanted_jewellery
D:11:     layout_rooms
D:12:     layout_long_grid, serial_shops, shop, gauntlet_entry_generic,
          nzn_sisyphean_effort, uniq_snorg, uniq_fannar
D:13:     layout_rooms, hangedman_vaults_entry_quadrant_bands, uniq_kirke,
          uniq_jorgrun
Temple:   nicolae_temple_bog_church
Lair:1:   layout_gridlike, chequers_serial_rivers_micro_a,
          infiniplex_staircase_pool
Lair:2:   layout_concentric_octagons, minmay_shoals_entry_hut,
          minmay_snake_entry_guardpost_medium, enter_volcano_1,
          gammafunk_ghost_cemetery, uniq_harold, uniq_maggie
Lair:3:   layout_loops_ring
Lair:4:   layout_small_grid, minmay_slime_entry_eyes, serial_bayou_pond_e,
          worms_lemuel
Lair:5:   hellmonk_lair_end_abyssal_woods, layout_cave_pods, grunt_megastairs_5,
          lemuel_fruit_tree, serial_bayou_shore_b

Skill      XL: |  1  2  3  4  5  6  7  8  9 10 11 12 13 14 15 16 |
---------------+-------------------------------------------------+-----
Fighting       | 1 2 3 4 5 6 8 9 11 12 14 16 | 16.0
Ice Magic      | 5 6 7 8 9 10 12 13 15 16 | 16.9
Spellcasting   | 3 4 5 7 8 9 10 12 | 12.0
Translocations | 2 4 |  4.0
Transmutations | 4 9 12 14 15 | 15.2
Dodging        | |  2.6
Stealth        | |  2.1

Action                     |  1- 3 |  4- 6 |  7- 9 | 10-12 | 13-15 | 16-18 || total
---------------------------+-------+-------+-------+-------+-------+-------++-------
  Melee: Spear             |   113 |   154 |   340 |       |       |       ||   607
         Unarmed           |     2 |       |       |       |       |       ||     2
         Punch             |       |     4 |     6 |     3 |     6 |       ||    19
         Tailslap          |       |     3 |       |       |       |       ||     3
         Hand axe          |       |       |     5 |    33 |       |       ||    38
         Short sword       |       |       |       |    26 |       |       ||    26
         Scimitar          |       |       |       |   165 |   501 |    83 ||   749
   Cast: Freeze            |    12 |    27 |    48 |     9 |   145 |     5 ||   246
         Frozen Ramparts   |     1 |    13 |    38 |    47 |    84 |    11 ||   194
         Ozocubu's Armour  |       |     5 |    35 |    36 |    80 |     8 ||   164
         Hailstorm         |       |       |     2 |     9 |    29 |       ||    40
         Ozocubu's Refrige |       |       |       |       |       |     8 ||     8
  Evoke: Wand              |       |       |       |       |     4 |       ||     4
    Use: Potion            |       |     1 |     5 |     1 |    16 |     2 ||    25
         Scroll            |       |       |    12 |    13 |    14 |     5 ||    44
   Stab: Sleeping          |    12 |    14 |     4 |     4 |       |       ||    34
         Fleeing           |       |       |       |     1 |       |       ||     1
 Armour: Robe              |    21 |    44 |    85 |   104 |   486 |   152 ||   892
         Skin              |       |       |    60 |       |       |       ||    60
  Dodge: Dodged            |    52 |    79 |   148 |   168 |   527 |   101 ||  1075
         Repelled          |       |       |       |       |       |     1 ||     1
